 Dungeon Crawl Stone Soup version 0.27-a0-909-g0721f309d1 (webtiles) character file.

Game seed: 3386632998922965688

877 siradein the Magician (level 8, -1/55 HPs)
             Began as a Djinni Fire Elementalist on Apr 8, 2021.
             Slain by Duvessa
             ... wielding a +0 short sword
              (6 damage)
             ... on level 4 of the Dungeon.
             The game lasted 00:10:34 (4489 turns).

siradein the Magician (Djinni Fire Elementalist)    Turns: 4489, Time: 00:10:35

Health: -1/55      AC:  5    Str:  7    XL:     8   Next: 4%
Gold:   53         EV: 16    Int: 19    God:
                   SH:  0    Dex: 14

rFire    + + .     SeeInvis .   m - +4 quarterstaff (chaos)
rCold    x . .     Faith    .   (shield currently unavailable)
rNeg     . . .     Spirit   .   a - +0 robe
rPois    ∞         Reflect  .   (no helmet)
rElec    .         Harm     .   d - +2 cloak
rCorr    .         Rampage  .   (no gloves)
Will     .....                  (boots unavailable)
Stlth    ++........             n - amulet of regeneration
HPRegen  1.18/turn              i - +4 ring of evasion
MPRegen  0.00/turn              (no ring)

@: flying
A: fire resistance 2, cold vulnerability 1, float, innate caster, hp casting,
extra vitality 1
a: no special abilities


You were on level 4 of the Dungeon.
You visited 1 branch of the dungeon, and saw 5 of its levels.

You collected 53 gold pieces.

Inventory:

Hand Weapons
 m - a +4 quarterstaff of chaos (weapon)
Armour
 a - a +0 robe (worn)
 d - a +2 cloak (worn)
Jewellery
 i - a +4 ring of evasion (left hand)
 n - an amulet of regeneration (around neck)
Scrolls
 f - 2 scrolls of teleportation {unknown}
 g - a scroll of amnesia {unknown}
 h - a scroll of immolation {unknown}
 j - 2 scrolls of vulnerability {unknown}
Potions
 b - 2 potions of resistance
 c - a potion of curing {unknown}
 e - a potion of berserk rage
 l - a potion of cancellation {unknown}


   Skills:
 + Level 2.7 Fighting
 - Level 2.1 Dodging
 - Level 1.5 Stealth
 + Level 7.5 Spellcasting


You couldn't memorise any spells.
You knew the following spells:

 Your Spells              Type           Power      Damage    Failure   Level
a - Foxfire               Conj/Fire      100%       2x1d9     1%          1
b - Conjure Flame         Conj/Fire      35%        6-21      1%          3
c - Inner Flame           Hex/Fire       35%        N/A       1%          3
d - Sticky Flame          Conj/Fire      35%        2d5       4%          4
e - Fireball              Conj/Fire      17%        3d9       12%         5
f - Pain                  Necr           100%       1d9       1%          1
g - Searing Ray           Conj           70%        3d5       1%          2
h - Frozen Ramparts       Ice            70%        1d9       1%          3
Your spell library was empty.

Dungeon Overview and Level Annotations

Branches:
Dungeon (5/15)
 Temple: D:4-7

Altars:
Dithmenos
Hepliaklqana
Vehumet

Shops:
D:1 :

Annotations:
D:4 Duvessa


Innate Abilities, Weirdness & Mutations

You are immune to poison.
Your flesh is very heat resistant. (rF++)
You are vulnerable to cold. (rC-)
You float through the air rather than walking.
You learn spells naturally, not from books.
Your magical power is your life essence.
You have superior vitality. (+4 HP)


Message History

You have reached level 8!
You feel agile.
Casting: Searing Ray (safe; 1% risk of failure)
Confirm with . or Enter, or press ? or * to list all spells.
Aiming: Inner Flame (safe; 1% risk of failure)
Press: ? - help, Shift-Dir - straight line, f - Duvessa
Aim: Duvessa, wielding a +0 short sword, wearing a +2 leather armour of cold resistance and carrying a wand of flame (22) (chance to affect: 76%) Duvessa is filled with an inner flame.
Duvessa goes berserk!
Duvessa is engulfed in blazing flames.
Flame seeps out of Duvessa.
Casting: Inner Flame (safe; 1% risk of failure)
Confirm with . or Enter, or press ? or * to list all spells.
Aiming: Searing Ray (safe; 1% risk of failure)
Press: ? - help, Shift-Dir - straight line, f/p - Duvessa
Aim: Duvessa, wielding a +0 short sword, wearing a +2 leather armour of cold resistance and carrying a wand of flame (22) (flame, lightly wounded, berserk, inner flame, 17% to evade)
The searing ray hits Duvessa.
Flame seeps out of Duvessa.
Duvessa is moderately wounded. (Press . to maintain the ray.) Duvessa is engulfed in blazing flames.
Flame seeps out of Duvessa.
Duvessa hits you with a +0 short sword! Duvessa hits you but does no damage.
Duvessa rages.
Duvessa hits you with a +0 short sword! Duvessa barely misses you.
Duvessa closely misses you.
Duvessa rages.
Duvessa hits you but does no damage. Duvessa hits you with a +0 short sword!
Duvessa hits you but does no damage.
Things that are here:
a +0 club; a +0 chain mail; an orc corpse Duvessa hits you with a +0 short sword!
There is a stone staircase leading up here.
Duvessa hits you with a +0 short sword!
* * * LOW HITPOINT WARNING * * *
You fly upwards.
There is a stone staircase leading down here.
Duvessa hits you with a +0 short sword!
* * * LOW HITPOINT WARNING * * *
Duvessa is no longer berserk.
Duvessa hits you with a +0 short sword.
You die...

#.# #.##.[. #.# #....#.
#.########.##.#.
#.##......)##.#.
###########..........#....
#.....>...###.............
#.........# #.............
#.........####............
#.......e@................
#...!.....####......##.#..
#.........# #####..#..#.#
#.........# ##.#.#...
#....)....# ####...#...
#.........# #......#...
#####.##### #.##.#.#...
#.# ##.##.#.##.# #.#
###..##.#.....


You could see Duvessa (inner flame, slow).

Vanquished Creatures
  Prince Ribbit (D:5)
  Grinder (D:4)
  Dowan (D:5)
  A bullfrog skeleton (D:2)
  2 jellies (D:4)
  A centaur skeleton (D:4)
  4 orc priests
  Crazy Yiuf (D:3)
  3 orc wizards
  4 adders
  A shadow imp (D:5)
  2 worms
  2 dart slugs
  13 orcs
  3 bats
  6 endoplasms
  A giant cockroach (D:4)
  3 goblins
  2 hobgoblins
  5 jackals
  8 kobolds
  3 quokkas
  2 ball pythons (D:2)
  A frilled lizard (D:2)
  5 rats
76 creatures vanquished.

Vanquished Creatures (others)
  76 foxfires
  2 fungi (D:5)
78 creatures vanquished.

Grand Total: 154 creatures vanquished

Notes
Turn   | Place    | Note
-------+----------+-------------------------------------------
     0 | D:1      | siradein the Djinni Fire Elementalist began the quest for
                  | the Orb.
     0 | D:1      | Reached XP level 1. HP: 15/15 MP: 0/0
    53 | D:1      | Found a faded altar of an unknown god.
    60 | D:1      | Found Uxtumus's Book Shop.
   208 | D:1      | Reached skill level 3 in Spellcasting
   296 | D:1      | Reached XP level 2. HP: 20/21 MP: 0/0
   654 | D:2      | Reached XP level 3. HP: 18/25 MP: 0/0
   654 | D:2      | Learned a level 1 spell: Pain
   911 | D:2      | Reached skill level 4 in Spellcasting
  1155 | D:2      | Reached XP level 4. HP: 27/31 MP: 0/0
  1521 | D:3      | Reached XP level 5. HP: 13/35 MP: 0/0
  1521 | D:3      | Learned a level 2 spell: Searing Ray
  2038 | D:3      | Found a shadowy altar of Dithmenos.
  2197 | D:3      | Reached skill level 5 in Spellcasting
  2253 | D:3      | Found a runed translucent door.
  2254 | D:3      | Noticed Crazy Yiuf
  2615 | D:3      | Found a hazy altar of Hepliaklqana.
  2965 | D:3      | Killed Crazy Yiuf
  3302 | D:4      | Noticed Grinder
  3302 | D:4      | Paralysed by Grinder for 3 turns
  3363 | D:4      | Reached XP level 6. HP: 26/40 MP: 0/0
  3663 | D:4      | Killed Grinder
  3664 | D:4      | Reached skill level 6 in Spellcasting
  3664 | D:4      | Reached XP level 7. HP: 34/45 MP: 0/0
  3664 | D:4      | Learned a level 3 spell: Frozen Ramparts
  4099 | D:4      | Reached skill level 7 in Spellcasting
  4317 | D:5      | Entered Level 5 of the Dungeon
  4339 | D:5      | Noticed Prince Ribbit
  4348 | D:5      | Killed Prince Ribbit
  4462 | D:5      | Noticed Dowan
  4463 | D:5      | Noticed Duvessa
  4466 | D:5      | Killed Dowan
  4467 | D:5      | Reached XP level 8. HP: 51/55 MP: 0/0
  4489 | D:4      | Slain by Duvessa

Illustrated notes

Levels and vault maps discovered:
D:1:      dpeg_arrival_rhombus, layout_rooms, ebering_ecumenical_altar_ruins,
          serial_shops, shop
D:2:      layout_loops_ring, basic_altar
D:3:      layout_basic, nicolae_overflow_crystal_walls, lemuel_tele_altar,
          uniq_crazy_yiuf_cottage
D:4:      layout_rooms, uniq_grinder
D:5:      layout_cave_pods, kennysheep_mini,
          grunt_temple_overflow_forces_of_nature,
          minmay_temple_entry_antechambers, gammafunk_ghost_nasty_kobolds,
          corexii_leaking_fountain, uniq_pikel, uniq_duvessa, uniq_edmund,
          uniq_menkaure, uniq_prince_ribbit1

Skill      XL: |  1  2  3  4  5  6  7 |
---------------+----------------------+-----
Spellcasting   | 3 4 5 6 7 |  7.5
Fighting       | 2 |  2.7
Dodging        | |  2.1
Stealth        | |  1.5

Action                   |  1- 3 |  4- 6 |  7- 9 || total
-------------------------+-------+-------+-------++-------
Melee: Quarterstaff      |       |       |     1 ||     1
 Cast: Foxfire           |    36 |    12 |       ||    48
       Searing Ray       |       |    25 |    21 ||    46
       Inner Flame       |       |       |     5 ||     5
       Pain              |       |       |     4 ||     4
  Use: Scroll            |       |       |     3 ||     3
Armor: Robe              |     6 |     7 |     5 ||    18
Dodge: Dodged            |    14 |    17 |     3 ||    34

Table legend: (Time is in decaauts)
 A = Elapsed time spent in this place.
 B = Non-inter-level travel time spent in this place.
 C = Inter-level travel time spent in this place.
 D = Time resting spent in this place.
 E = Time spent auto-exploring this place.
 F = Levels seen in this place.
 G = Mean time per level.
                   A        B        C        D        E       F      G
               +--------+--------+--------+--------+--------+-----+--------+
         Total |   4491 |   4337 |    154 |    264 |   3459 |   5 |  898.2 |
       Dungeon |   4491 |   4337 |    154 |    264 |   3459 |   5 |  898.2 |
               +--------+--------+--------+--------+--------+-----+--------+

Top non-repeatable levels by time:
     D:3: 2311 daAuts
     D:2: 1047 daAuts
     D:4: 531 daAuts
     D:1: 434 daAuts
     D:5: 167 daAuts
